 Dungeon Crawl Stone Soup version 0.28-a0-620-g539b0f7ac7 (webtiles) character file.

Game seed: 2142642111890124

2828 lunkers the Grappler (level 9, -1/92 HPs)
             Began as a Troll Cinder Acolyte on Oct 6, 2021.
             Was a High Priest of Ignis.
             Slain by a killer bee (7 damage)
             ... on level 7 of the Dungeon.
             The game lasted 00:12:30 (5887 turns).

lunkers the Grappler (Troll Cinder Acolyte)         Turns: 5887, Time: 00:12:30

Health: -1/92      AC:  5    Str: 24    XL:     9   Next: 45%
Magic:  9/9        EV:  9    Int: 10    God:    Ignis [*****.]
Gold:   350        SH:  0    Dex:  8    Spells: 10/10 levels left

rFire   + . .      SeeInvis .     - Unarmed
rCold   . . .      Faith    .   (no shield)
rNeg    . . .      Spirit   .   a - +0 robe
rPois   .          Reflect  .   (helmet restricted)
rElec   .          Harm     .   x - +0 cloak
rCorr   .          Rampage  .   (gloves unavailable)
Will    .....                   (boots unavailable)
Stlth   +.........              s - amulet of regeneration
HPRegen 2.25/turn               g - ring of flight
MPRegen 0.11/turn               (no ring)

@: lethally poisoned (-1 -> -3), flying
A: large, unfitting armour, claws 3, regeneration 1, shaggy fur 1, tough skin 1
a: Renounce Religion, Sea of Fire, Foxfire Swarm, Rising Flame


You were on level 7 of the Dungeon.
You worshipped Ignis.
Ignis was extremely pleased with you.
You visited 1 branch of the dungeon, and saw 8 of its levels.

You collected 350 gold pieces.

Inventory:

Missiles
 c - 307 stones (quivered)
 k - 29 poisoned darts
 q - 3 boomerangs
Armour
 a - a +0 robe (worn)
 x - a +0 cloak (worn)
Jewellery
 g - a ring of flight (left claw)
 i - an amulet of guardian spirit
 s - an amulet of regeneration (around neck)
Wands
 b - a wand of charming (11)
 m - a wand of iceblast (7)
 u - a wand of flame (16)
Scrolls
 d - 2 scrolls of immolation
 j - a scroll of fear
 l - 2 scrolls of fog {unknown}
 n - a scroll of acquirement {unknown}
 o - 2 scrolls of magic mapping {unknown}
 r - a scroll of enchant armour {unknown}
 t - a scroll of teleportation {unknown}
 y - a scroll of amnesia
 A - a scroll of silence {unknown}
Potions
 e - a potion of cancellation
 f - 2 potions of curing
 h - 2 potions of berserk rage
 p - a potion of mutation
 v - a potion of flight
 w - a potion of degeneration {unknown}
 z - a potion of brilliance {unknown}


   Skills:
 + Level 6.8 Fighting
 * Level 11.1 Unarmed Combat
 - Level 1.0 Spellcasting
 - Level 2.1 Fire Magic


You had 10 spell levels left.
You didn't know any spells.
Your spell library contained the following spells:

 Spells                   Type           Power      Damage    Failure   Level
 Scorch                   Fire           8%         2d5       22%         2
 Animate Skeleton         Necr           0%         N/A       34%         1
 Pain                     Necr           0%         1d4       34%         1
 Slow                     Hex            0%         N/A       45%         2
 Confusing Touch          Hex            0%         N/A       71%         3
 Gell's Gravitas          Tloc           0%         N/A       71%         3
 Lesser Beckoning         Tloc           0%         N/A       71%         3
 Teleport Other           Tloc           0%         N/A       71%         3
 Vampiric Draining        Necr           0%         2d6       71%         3
 Yara's Violent Unravell  Hex/Tmut       0%         3d3       100%        5


Dungeon Overview and Level Annotations

Branches:
Dungeon (8/15)             Temple (0/1) D:5            Lair (0/6) D:8

Altars:
Vehumet

Shops:
D:1 *

Annotations:
D:7 3 runed translucent doors, heikuro's ghost, novice MiFi


Innate Abilities, Weirdness & Mutations

You are too large for most types of armour.
You have claws for hands.
Your natural rate of healing is unusually fast.
You are covered in fur. (AC +1)
You have tough skin. (AC +1)


Message History

The killer bee stings you.
* * * LOW HITPOINT WARNING * * *
The killer bee stings you.
* * * LOW HITPOINT WARNING * * *
You miss the killer bee.
You feel sick. The killer bee closely misses you.
The killer bee stings you but does no damage. x2
The killer bee stings you.
* * * LOW HITPOINT WARNING * * *
Unknown command.
You claw the killer bee!
The killer bee is severely wounded.
You feel sick. The killer bee barely misses you.
The killer bee closely misses you.
Unknown command.
You barely miss the killer bee.
The killer bee is severely wounded.
The killer bee stings you but does no damage.
The killer bee misses you. The killer bee barely misses you. x2
Unknown command.
You miss the killer bee.
The killer bee is severely wounded.
You feel sick. The killer bee stings you.
* * * LOW HITPOINT WARNING * * *
You are more poisoned.
The killer bee poisons you! The killer bee barely misses you.
Unknown command.
You barely miss the killer bee.
The killer bee is severely wounded.
You feel sick. The killer bee closely misses you.
The killer bee barely misses you. The killer bee stings you.
* * * LOW HITPOINT WARNING * * *
You are more poisoned.
The killer bee poisons you! The killer bee barely misses you.
You miss the killer bee.
The killer bee is severely wounded.
You feel very sick. The killer bee stings you.
* * * LOW HITPOINT WARNING * * *
The killer bee stings you!
You die...

#################
#@y.............##
#y###########.#.#. #.#
#....) #.# #...#) #.#
###...#. ####### #.#
##.#.#.#. #.....# #.#
#.(....#.
##.##.####.#########.###...
#.#...............###.....


You could see 2 killer bees.

Vanquished Creatures
  Pikel (D:7)
  A gargoyle (D:6)
  A wraith (D:8)
  A water moccasin (D:7)
  Duvessa (D:7)
  An ice beast (D:4)
  3 sky beasts
  A necrophage (D:6)
  A centaur (D:6)
  A kobold brigand (D:6)
  A bullfrog (D:7)
  4 scorpions
  Dowan (D:7)
  A water moccasin skeleton (D:5)
  3 killer bees
  A howler monkey (D:6)
  A bullfrog zombie (D:5)
  3 hounds
  2 centaur skeletons (D:7)
  3 iguanas
  Ijyb (D:3)
  2 orc wizards
  A killer bee zombie (D:8)
  7 adders
  A howler monkey skeleton (D:7)
  3 gnolls (D:3)
  A shadow imp (D:6)
  A worm (D:2)
  3 dart slugs
  19 orcs
  8 ball pythons
  9 endoplasms
  3 giant cockroaches
  14 hobgoblins
  2 jackals (D:2)
  4 quokkas (D:1)
  4 bats (D:1)
  4 frilled lizards
  4 goblins
  13 kobolds
  4 rats
140 creatures vanquished.

Notes
Turn   | Place    | Note
-------+----------+-------------------------------------------
     0 | D:1      | lunkers the Troll Cinder Acolyte began the quest for the
                  | Orb.
     0 | D:1      | Reached XP level 1. HP: 22/22 MP: 1/1
   136 | D:1      | Reached XP level 2. HP: 28/29 MP: 2/2
   518 | D:1      | Reached XP level 3. HP: 36/36 MP: 3/3
   524 | D:1      | Found Xeedanyusu's General Store.
   682 | D:1      | Reached skill level 4 in Unarmed Combat
  1282 | D:2      | Reached XP level 4. HP: 45/45 MP: 4/4
  1599 | D:3      | Found a faded altar of an unknown god.
  1633 | D:3      | Noticed Ijyb
  1643 | D:3      | Killed Ijyb
  1742 | D:3      | Reached skill level 5 in Unarmed Combat
  1743 | D:3      | Reached XP level 5. HP: 40/53 MP: 5/5
  2154 | D:3      | Reached XP level 6. HP: 36/62 MP: 6/6
  2385 | D:4      | Reached skill level 6 in Unarmed Combat
  2831 | D:4      | Noticed an ice beast
  2850 | D:4      | Killed an ice beast
  2878 | D:4      | Reached XP level 7. HP: 70/70 MP: 7/7
  3258 | D:5      | Entered Level 5 of the Dungeon
  3296 | D:5      | Reached skill level 7 in Unarmed Combat
  3314 | D:5      | Found a staircase to the Ecumenical Temple.
  4013 | D:6      | You are sucked into a shaft and drop 1 floor!
  4085 | D:7      | Found a runed translucent gate.
  4085 | D:7      | Found a runed translucent gate.
  4085 | D:7      | Found a runed translucent gate.
  4171 | D:6      | Reached skill level 8 in Unarmed Combat
  4418 | D:6      | HP: 2/71 [poisoned by a kobold brigand]
  4423 | D:6      | HP: 1/71 [poisoned by a kobold brigand]
  4459 | D:6      | Reached skill level 5 in Fighting
  4461 | D:6      | Reached XP level 8. HP: 44/80 MP: 8/8
  4620 | D:6      | Found a radiant altar of Vehumet.
  4949 | D:6      | Noticed a gargoyle
  4957 | D:6      | Killed a gargoyle
  4958 | D:6      | Reached skill level 9 in Unarmed Combat
  5049 | D:7      | Noticed Duvessa
  5049 | D:7      | Noticed Dowan
  5052 | D:7      | Killed Duvessa
  5053 | D:7      | Killed Dowan
  5182 | D:7      | Noticed heikuro's ghost (novice MiFi)
  5237 | D:7      | Noticed Pikel
  5243 | D:7      | Killed Pikel
  5244 | D:7      | Reached skill level 10 in Unarmed Combat
  5244 | D:7      | Reached XP level 9. HP: 81/91 MP: 9/9
  5695 | D:8      | Found a staircase to the Lair.
  5821 | D:8      | Reached skill level 11 in Unarmed Combat
  5887 | D:7      | Slain by a killer bee

Illustrated notes

Levels and vault maps discovered:
D:1:      shiori_arrival_oz, layout_basic, serial_shops, shop,
          minmay_misc_feat_five
D:2:      layout_basic
D:3:      layout_basic, ebering_ecumenical_altar_rust, minmay_misc_feat_columns,
          roderic_st_hans_cross, uniq_ijyb
D:4:      layout_basic, grunt_ministairs_13, minmay_misc_feat_more_columns,
          grunt_decor_one_mirror
D:5:      layout_basic, minmay_temple_entry_grid
D:6:      layout_layer_cave, vehumet_crystals
D:7:      layout_basic, gammafunk_ghost_icy, nrook_loot_triangle, uniq_duvessa,
          uniq_pikel
D:8:      layout_cave_pools, lair_entry_dummy, minivault_27, uniq_maurice

Skill      XL: |  1  2  3  4  5  6  7  8  9 |
---------------+----------------------------+-----
Unarmed Combat | 4 5 6 8 10 11 | 11.1
Fighting       | 3 4 5 6 |  6.8
Spellcasting   | |  1.0
Fire Magic     | |  2.1

Action                   |  1- 3 |  4- 6 |  7- 9 || total
-------------------------+-------+-------+-------++-------
Melee: Unarmed           |   105 |   143 |   192 ||   440
       Bite              |       |     2 |     8 ||    10
Throw: Stone             |    34 |    16 |    13 ||    63
  Use: Scroll            |       |     6 |     4 ||    10
Armor: Robe              |    45 |    31 |    66 ||   142
Dodge: Dodged            |    56 |    49 |   108 ||   213

Table legend: (Time is in decaauts)
 A = Elapsed time spent in this place.
 B = Non-inter-level travel time spent in this place.
 C = Inter-level travel time spent in this place.
 D = Time resting spent in this place.
 E = Time spent auto-exploring this place.
 F = Levels seen in this place.
 G = Mean time per level.
                   A        B        C        D        E       F      G
               +--------+--------+--------+--------+--------+-----+--------+
         Total |   5840 |   5576 |    264 |     61 |   4387 |   8 |  730.0 |
       Dungeon |   5840 |   5576 |    264 |     61 |   4387 |   8 |  730.0 |
               +--------+--------+--------+--------+--------+-----+--------+

Top non-repeatable levels by time:
     D:1: 1058 daAuts
     D:4: 939 daAuts
     D:6: 907 daAuts
     D:7: 806 daAuts
     D:5: 710 daAuts
     D:3: 708 daAuts
     D:2: 533 daAuts
     D:8: 176 daAuts
